 Dungeon Sprint DCSS version 0.23-a0-143-g1adec7b (webtiles) character file.

126 Kidiri the Thaumaturge (level 4, 0/24 HPs)
             Began as a Deep Elf Fire Elementalist on Sept 2, 2018.
             Killed from afar by a wizard (24 damage)
             ... with a bolt of lightning
             ... in the Dungeon (Sprint III: "The Ten Rune Challenge").
             The game lasted 00:03:37 (311 turns).

Kidiri the Thaumaturge (Deep Elf Fire Elementalist)  Turns: 311, Time: 00:03:39

Health: 0/24       AC:  2    Str:  7    XL:     4   Next: 83%
Magic:  17/17      EV: 13    Int: 21    God:
Gold:   12         SH:  0    Dex: 15    Spells: 8/21 levels left

rFire    . . .     SeeInvis .   (no weapon)
rCold    . . .     Gourm    .   (no shield)
rNeg     . . .     Faith    .   a - +0 robe
rPois    .         Spirit   .   (helmet restricted)
rElec    .         Reflect  .   (no cloak)
rCorr    .         Harm     .   (no gloves)
MR       .....     Clarity  +   (no boots) Stlth ++........NoTele +
                                (no amulet)
HPRegen  0.08/turn              (no ring)
MPRegen  0.15/turn              (no ring)

@: no status effects
A: horns 1, clarity, strong 1
a: no special abilities


You were in the Dungeon.
You were not hungry.

You visited 1 branch You collected 12 gold pieces.

Inventory:

Armour
 a - a +0 robe (worn)
Wands
 j - a wand of flame (8)
Scrolls
 i - 2 scrolls of blinking
 k - 3 scrolls of magic mapping {unknown}
 l - 2 scrolls of immolation {unknown}
 n - 3 scrolls of remove curse
Potions
 d - a potion of curing
 e - a potion of heal wounds
 f - a potion of haste
 g - 2 potions of magic
 h - a potion of berserk rage
 o - a potion of agility
 p - 2 potions of brilliance
 q - a potion of flight
 r - a potion of mutation
Comestibles
 b - 2 chunks of flesh
 c - 3 rations


   Skills:
 - Level 2.4 Dodging
 - Level 2.4 Stealth
 * Level 9.4 Spellcasting
 + Level 5.2 Conjurations
 + Level 6.2 Fire Magic


You had 8 spell levels left.
You knew the following spells:

 Your Spells              Type           Power        Failure   Level  Hunger
a - Flame Tongue          Conj/Fire      ####.        1%          1    None
b - Throw Flame           Conj/Fire      ####..       1%          2    None
c - Conjure Flame         Conj/Fire      ####....     1%          3    None
d - Inner Flame           Hex/Fire       ###.....     6%          3    None
e - Sticky Flame          Conj/Fire      ####....     6%          4    ##.....

Your spell library contained the following spells:

 Spells                   Type           Power        Failure   Level  Hunger
 Fireball                 Conj/Fire      ####......   19%         5    #####..


Dungeon Overview and Level Annotations

Branches:
Dungeon (1/1)

Altars:
Kikubaaqudgha
Sif Muna
Vehumet


Innate Abilities, Weirdness & Mutations

You have a pair of small horns on your head.
You possess an exceptional clarity of mind.
Your muscles are strong. (Str +2)


Message History

Unknown command.
Memorise Sticky Flame, consuming 4 spell levels and leaving 8?
You start memorising the spell.
You continue memorising. x4
You finish memorising.
Spell assigned to 'e'.
You close the door.
You open the door.
There is an open door to the Ecumenical Temple here.
There is a fountain of clear blue water here.
You start resting.
Some of the chunks of flesh in your inventory have rotted away. x2
Magic restored.
You open the door.
Found a radiant altar of Vehumet.
Okay, then.
A kobold demonologist and a wizard come into view.
The kobold demonologist shouts!
The wizard casts a spell at you. The bolt of lightning hits you!
Ouch! That really hurt!
You die...

#..#.....♣ ♣.#
####.....♣♣ ♣.#
...#....≈.♣♣♣♣.###+#+###
...#...≈≈♣.....#........
...#..≈≈≈≈.♣♣♣.'.⌠......
##'#..≈≈≈≈≈≈♣♣.#...#####
[..#.≈≈≈≈≈≈....#.⌠.#
...#.≈≈≈≈≈.....#...#
...#.≈≈≈.......#@###
####...........#.p$#
...............#_K_#
▓▓▓▓▓▓▓▓▓▓▓▓▓▓▓▓▓▓▓▓


You could see a wizard and a kobold demonologist.

Vanquished Creatures
  A water elemental (D)
  Jessica (D)
  A human (D)
  A wolf (D)
  An ooze (D)
  2 rats (D)
7 creatures vanquished.

Vanquished Creatures (others)
  2 draconian scorchers (D)
  6 hellions (D)
  A yaktaur (D)
9 creatures vanquished.

Grand Total: 16 creatures vanquished

Notes
Turn   | Place    | Note
-------+----------+-------------------------------------------
     0 | D        | Kidiri the Deep Elf Fire Elementalist began the quest for
                  | the Orb.
     0 | D        | Reached XP level 1. HP: 10/10 MP: 6/6
     6 | D        | Reached skill level 4 in Spellcasting
    61 | D        | Noticed Jessica
    63 | D        | Killed Jessica
    63 | D        | Reached skill level 6 in Spellcasting
    63 | D        | Reached XP level 2. HP: 15/15 MP: 4/11
    63 | D        | Reached XP level 3. HP: 19/19 MP: 4/12
    67 | D        | Learned a level 2 spell: Throw Flame
    71 | D        | Learned a level 3 spell: Conjure Flame
    75 | D        | Learned a level 3 spell: Inner Flame
    91 | D        | Killed a hellion
    92 | D        | Killed a hellion
    92 | D        | Killed a hellion
    93 | D        | Killed a hellion
   120 | D        | Killed a hellion
   132 | D        | Killed a hellion
   143 | D        | Reached skill level 7 in Spellcasting
   143 | D        | Reached skill level 5 in Fire Magic
   170 | D        | Killed a yaktaur
   193 | D        | Gained mutation: You occasionally shout uncontrollably at
                  | your foes. [potion of mutation]
   193 | D        | Gained mutation: You have large cloven feet. [potion of
                  | mutation]
   193 | D        | Gained mutation: You have a pair of small horns on your
                  | head. [potion of mutation]
   197 | D        | Lost mutation: You have a pair of small horns on your head.
                  | [potion of mutation]
   197 | D        | Lost mutation: You have large cloven feet. [potion of
                  | mutation]
   197 | D        | Lost mutation: You occasionally shout uncontrollably at
                  | your foes. [potion of mutation]
   197 | D        | Gained mutation: Your magical capacity is low. (-10% MP)
                  | [potion of mutation]
   197 | D        | Gained mutation: You are robust. (+10% HP) [potion of
                  | mutation]
   197 | D        | Gained mutation: You do not regenerate when monsters are
                  | visible. [potion of mutation]
   197 | D        | Gained mutation: You expend magic power (3 MP) to
                  | strengthen your wands. [potion of mutation]
   198 | D        | Lost mutation: Your magical capacity is low. (-10% MP)
                  | [potion of mutation]
   198 | D        | Lost mutation: You do not regenerate when monsters are
                  | visible. [potion of mutation]
   198 | D        | Lost mutation: You are robust. (+10% HP) [potion of
                  | mutation]
   198 | D        | Lost mutation: You expend magic power (3 MP) to strengthen
                  | your wands. [potion of mutation]
   198 | D        | Gained mutation: Your muscles are strong. (Str +2) [potion
                  | of mutation]
   198 | D        | Gained mutation: You possess an exceptional clarity of
                  | mind. [potion of mutation]
   198 | D        | Gained mutation: You have a pair of small horns on your
                  | head. [potion of mutation]
   204 | D        | Killed a white draconian scorcher
   225 | D        | Killed a white draconian scorcher
   256 | D        | Noticed a water elemental
   260 | D        | Killed a water elemental
   260 | D        | Reached skill level 9 in Spellcasting
   260 | D        | Reached skill level 5 in Conjurations
   260 | D        | Reached XP level 4. HP: 24/24 MP: 9/17
   266 | D        | Learned a level 4 spell: Sticky Flame
   310 | D        | Found a radiant altar of Vehumet.
   311 | D        | Found a deep blue altar of Sif Muna.
   311 | D        | Found an ancient bone altar of Kikubaaqudgha.
   311 | D        | Noticed a wizard
   311 | D        | Killed from afar by a wizard

Vault maps used:
D:        dungeon_sprint_mu

Skill      XL: |  1  2  3 |
---------------+----------+-----
Spellcasting   | 6 9 |  9.4
Conjurations   | 3 5 |  5.2
Fire Magic     | 4 6 |  6.2
Dodging        | |  2.4
Stealth        | |  2.4

Action                   |  1- 3 |  4- 6 || total
-------------------------+-------+-------++-------
 Cast: Flame Tongue      |    14 |       ||    14
       Throw Flame       |     3 |       ||     3
       Conjure Flame     |     1 |       ||     1
  Use: Scroll            |     3 |       ||     3
       Potion            |     3 |       ||     3
Dodge: Dodged            |     1 |       ||     1

Table legend:
 A = Non-vault XP
 B = Vault XP
 C = Vault XP percentage of total XP
 D = Non-vault monster count
 E = Vault monster count
 F = Vault count percentage of total count
                 A         B        C        D         E       F
            +---------+---------+-------+---------+---------+-------
      Total |       0 |     180 | 100.0 |       0 |       7 | 100.0
            +---------+---------+-------+---------+---------+-------
          D |       0 |     180 | 100.0 |       0 |       7 | 100.0
            +---------+---------+-------+---------+---------+-------
